 Dungeon Crawl Stone Soup version 0.23.2-40-g277498a001 (webtiles) character file.

Game seed: 2949374817315412709

45 MisterOstroum the Ducker (level 3, 0/18 HPs)
             Began as a Felid Berserker on Oct 14, 2019.
             Was a Believer of Trog.
             Succumbed to a kobold's poison
             ... on level 3 of the Dungeon.
             The game lasted 00:07:10 (1513 turns).

MisterOstroum the Ducker (Felid Berserker)          Turns: 1513, Time: 00:07:10

Health: 0/18       AC:  1    Str: 18    XL:     3   Next: 42%
Magic:  4/4        EV: 25    Int: 13    God:    Trog [**....]
Gold:   142        SH:  0    Dex: 21    Spells: 2/2 levels left
                                        Lives:  0   Deaths: 0

rFire    + . .     SeeInvis +     - Unarmed
rCold    + . .     Gourm    .   (shield unavailable)
rNeg     . . .     Faith    .   (armour unavailable)
rPois    +         Spirit   .   (helmet unavailable)
rElec    +         Reflect  .   (cloak unavailable)
rCorr    +         Harm     .   (gloves unavailable)
MR       .....                  (boots unavailable)
Stlth    +++++.....             (no amulet)
HPRegen  0.06/turn              j - ring of poison resistance
MPRegen  0.09/turn              l - ring of stealth

@: mighty, brilliant, agile, lethally poisoned (0 -> -4), resistant, berserk
cooldown, slowed, slow
A: very small, no armour, no weapons or thrown items, stealth, claws 1, fangs 3,
see invisible, carnivore, speed 1, shaggy fur 1, slow metabolism 1, sharp paws
a: Berserk, Trog's Hand, Renounce Religion


You were on level 3 of the Dungeon.
You worshipped Trog.
Trog was pleased with you.
You were completely stuffed.

You visited 1 branch of the dungeon, and saw 3 of its levels.

You collected 142 gold pieces.

Inventory:

Jewellery
 j - a ring of poison resistance (left paw)
 l - a ring of stealth (right paw)
 m - an uncursed amulet of rage
Scrolls
 a - a scroll of enchant weapon {unknown}
 c - a scroll of enchant armour {unknown}
 h - a scroll of identify {unknown}
 i - 2 scrolls of teleportation
 n - a scroll of immolation {unknown}
 p - a scroll of magic mapping {unknown}
Comestibles
 e - 4 rations


   Skills:
 * Level 3.7 Fighting
 - Level 4.0 Dodging
 + Level 3.4 Stealth
 - Level 3.0 Unarmed Combat


You had 2 spell levels left.
You didn't know any spells.
Your spell library was empty.

Dungeon Overview and Level Annotations

Branches:
Dungeon (3/15)

Altars:
Xom


Innate Abilities, Weirdness & Mutations

You cannot wear armour.
You are incapable of wielding weapons or throwing items.
Your paws allow you to move quietly. (Stealth)
You have sharp claws.
You have razor-sharp teeth.
You have supernaturally acute eyesight. (SInv)
You are carnivorous and can eat meat at any time.
You cover ground quickly.
You are covered in fur. (AC +1)
You have a slow metabolism.
Your sharp claws are effective at attacking unaware monsters.


Message History

You completely miss the rat.
The rat is severely wounded.
The rat closely misses you.
You scratch the rat.
You kill the rat!
Trog accepts your kill.
You start resting.
You hear the slow rusting of a drain nearby.
The frilled lizard hisses angrily.
The frilled lizard bites you.
You scratch the frilled lizard.
You kill the frilled lizard!
Trog accepts your kill.
You can now call upon Trog for regeneration and magic resistance.
No target in view!
Found 15 gold pieces.
You see here a frilled lizard corpse.
You butcher the frilled lizard corpse.
k - 2 chunks of flesh (gained 1)
You see here a frilled lizard skeleton.
You see here a frilled lizard skeleton.
Found a scroll labeled HESKAOHUMN.
Found a dagger.
Found a scroll labeled LOLOCO KYEKADD.
p - a scroll labeled HESKAOHUMN A goblin comes into view.
It is wielding a +0 dagger.
You see here a dagger.
A kobold comes into view. It is wielding a +5 dagger of venom.
Some of the chunks of flesh in your inventory have rotted away.
You see here a scroll labeled LOLOCO KYEKADD.
You barely miss the goblin.
The kobold shouts!
You hear an angry hiss.
The goblin hits you with a +0 dagger.
A frilled lizard comes into view.
The kobold throws a stone.
The stone barely misses you.
You see here a stone.
The kobold throws a stone.
The stone closely misses you.
Things that are here:
a stone; a scroll labeled LOLOCO KYEKADD You see here a dagger.
A red film seems to cover your vision as you go berserk!
You feel yourself moving faster!
You feel mighty!
The kobold throws a stone.
The stone completely misses you. The goblin closely misses you.
Okay, then.
You claw the goblin!
You kill the goblin!
Trog accepts your kill.
Things that are here:
a +0 dagger; a dagger You closely miss the frilled lizard.
The frilled lizard completely misses you.
You claw the frilled lizard!
You kill the frilled lizard!
Trog accepts your kill.
You scratch the kobold.
The kobold is severely wounded.
The kobold hits you with a +5 dagger of venom.
You are poisoned.
You barely miss the kobold.
The kobold is severely wounded.
You feel sick.
You claw the kobold!
You kill the kobold!
Trog accepts your kill.
You feel sick.
Things that are here:
a +5 dagger of venom; a kobold corpse You are too berserk!
You start resting.
Eating a chunk of flesh.
You eat the chunk of flesh.
This raw flesh tastes great.
You feel a strong urge to attack something.
You feel sick.
You start resting.
You are no longer berserk.
You are exhausted.
You feel yourself slow down.
* * * LOW HITPOINT WARNING * * *
You feel sick.
Things that are here:
a stone; a scroll labeled LOLOCO KYEKADD It was a potion of brilliance.
You feel clever all of a sudden.
* * * LOW HITPOINT WARNING * * *
You feel sick.
It was a potion of berserk rage.
You're still recovering from your berserk rage.
* * * LOW HITPOINT WARNING * * *
You feel sick.
It was a potion of might.
You feel very mighty all of a sudden.
It was a potion of resistance.
You feel protected.
* * * LOW HITPOINT WARNING * * *
You feel sick.
It was a potion of agility.
You feel agile all of a sudden.
* * * LOW HITPOINT WARNING * * *
You feel sick.
There is a lethal amount of poison in your body!
You die...

.........####.#
.# ..........#
#.# ..
<.........#
#.## ##.#
..........#
#.(# #..#
..........#
##.## # #.!#
..........#
#..# #.#..#
..........#
##.# #..<.#
|........##
#)##..##.#
†.#.....##
#)@#.# .#
.########
##(..# .# .#
#...## .# P#
#.........
†...#
#.........
...P...
..........
P....##
#####......
..P.## ......
!P..# ######


There were no monsters in sight!

Vanquished Creatures
  A worm (D:2)
  3 dart slugs
  2 leopard geckos
  A ball python (D:3)
  7 bats
  A giant cockroach (D:1)
  4 goblins
  3 hobgoblins
  A kobold (D:3)
  5 frilled lizards
  5 rats
33 creatures vanquished.

Notes
Turn   | Place    | Note
-------+----------+-------------------------------------------
     0 | D:1      | MisterOstroum the Felid Berserker began the quest for the
                  | Orb.
     0 | D:1      | Reached XP level 1. HP: 10/10 MP: 2/2
    52 | D:1      | Reached skill level 1 in Stealth
    97 | D:1      | Reached XP level 2. HP: 14/14 MP: 3/3
   766 | D:2      | Found a shimmering altar of Xom.
   766 | D:2      | Found a shimmering altar of Xom.
   766 | D:2      | Found a shimmering altar of Xom.
   789 | D:2      | Found a shimmering altar of Xom.
   938 | D:2      | Reached XP level 3. HP: 17/17 MP: 4/4
  1467 | D:3      | Reached ** piety under Trog
  1513 | D:3      | Succumbed to a kobold's poison

Skill      XL: |  1  2 |
---------------+-------+-----
Stealth        | 2 3 |  3.4
Fighting       | |  3.7
Dodging        | |  4.0
Unarmed Combat | |  3.0

Action                   || total
-------------------------++-------
Melee: Unarmed           ||    65
       Bite              ||     2
       Punch             ||     1
Invok: Berserk           ||     3
  Use: Potion            ||     5
       Scroll            ||     1
 Stab: Sleeping          ||     8
  Eat: Chunk             ||    11
Armor: Skin              ||     5
Dodge: Dodged            ||    39
